 Dungeon Crawl Stone Soup version 0.26-a0-844-g3dd439832f (webtiles) character file.

Game seed: 12096792794214678740

8177 miscthings the Destroyer (level 11, -3/78 HPs)
             Began as a Human Conjurer on Nov 18, 2020.
             Was a Priest of Sif Muna.
             Slain by a death yak (15 damage)
             ... on level 11 of the Dungeon.
             The game lasted 00:23:35 (9722 turns).

miscthings the Destroyer (Human Conjurer)           Turns: 9722, Time: 00:23:36

Health: -3/78      AC: 10    Str:  7    XL:     11   Next: 51%
Magic:  18/18      EV: 15    Int: 21    God:    Sif Muna [***...]
Gold:   638        SH: 11    Dex: 19    Spells: 8/19 levels left

rFire    . . .     SeeInvis .   E - staff of conjuration
rCold    . . .     Faith    .   y - +0 buckler
rNeg     . . .     Spirit   .   I - +1 leather armour of Lethargy {rPois Stlth+} (curse)
rPois    +         Reflect  +   w - +2 helmet
rElec    .         Harm     .   e - +0 cloak
rCorr    .         Rampage  .   A - +0 pair of gloves
MR       .....                  (no boots)
Stlth    +++.......             M - amulet of reflection
HPRegen  0.23/turn              d - +6 ring of dexterity
MPRegen  0.16/turn              n - ring of poison resistance

@: no status effects
A: no striking features
a: Channel Magic, Forget Spell, Renounce Religion


You were on level 11 of the Dungeon.
You worshipped Sif Muna.
Sif Muna was most pleased with you.
You visited 2 branches of the dungeon, and saw 12 of its levels.

You collected 870 gold pieces.
You spent 232 gold pieces at shops.

Inventory:

Hand Weapons
 u - the +5 short sword of Death's Door {vamp, rElec SInv Stlth+}
   (You found it on level 4 of the Dungeon)

   It inflicts no extra harm, but heals its wielder when it wounds a living foe.
   It insulates you from electricity.
   It lets you see invisible.
   It makes you more stealthy.
Armour
 e - a +0 cloak (worn)
 s - a +0 leather armour of positive energy
 w - a +2 helmet (worn)
 y - a +0 buckler (worn)
 A - a +0 pair of gloves (worn)
 I - the cursed +1 leather armour of Lethargy (worn) {rPois Stlth+}
   (You found it on level 9 of the Dungeon)

   It protects you from poison.
   It makes you more stealthy.
   It has a curse placed upon it.
Magical Staves
 E - an uncursed staff of conjuration (weapon)
Jewellery
 d - a +6 ring of dexterity (left hand)
 n - a ring of poison resistance (right hand)
 x - an uncursed ring of fire
 M - an amulet of reflection (around neck)
Wands
 a - a wand of flame (16)
 r - a wand of acid (2)
 t - a wand of polymorph (13)
 C - a wand of random effects (19)
 D - a wand of iceblast (8)
Scrolls
 b - 4 scrolls of blinking
 f - a scroll of enchant weapon
 i - 5 scrolls of immolation
 l - 5 scrolls of teleportation
 m - 3 scrolls of amnesia
 p - 7 scrolls of remove curse
 q - 2 scrolls of fog
 F - a scroll of enchant armour
 K - a scroll of identify {@r1}
Potions
 c - a potion of haste
 g - 2 potions of might
 h - a potion of flight {unknown}
 j - 3 potions of heal wounds
 k - 8 potions of curing
 o - 3 potions of ambrosia
 z - a potion of berserk rage
 B - 2 potions of magic
 G - a potion of attraction
 H - 3 potions of invisibility
 J - a potion of brilliance
 L - 2 potions of mutation


   Skills:
 + Level 4.6 Fighting
 - Level 2.5 Short Blades
 + Level 3.8 Staves
 + Level 4.7 Armour
 + Level 5.1 Dodging
 - Level 2.0 Stealth
 - Level 4.0 Shields
 + Level 4.9 Spellcasting
 + Level 10.6 Conjurations
 + Level 5.8 Hexes
 + Level 4.7 Evocations


You had 8 spell levels left.
You knew the following spells:

 Your Spells              Type           Power        Failure   Level
a - Searing Ray           Conj           ######       1%          2
b - Fulminant Prism       Conj/Hex       ######....   5%          4
c - Iskenderun's Mystic   Conj/Tloc      #####...     17%         4
e - Magic Dart            Conj           ####         1%          1

Your spell library contained the following spells:

 Spells                   Type           Power        Failure   Level
 Dazzling Flash           Conj/Hex       ######       1%          3


Dungeon Overview and Level Annotations

Branches:
Dungeon (11/15)            Temple (1/1) D:6             Orc (0/2) D:9
   Lair: D:8-11

Altars:
Ashenzari
Cheibriados
Dithmenos
Elyvilon
Fedhas
Gozag
Makhleb
Nemelex Xobeh
Okawaru
Ru
Sif Muna
Uskayaw
Vehumet
Yredelemnul
Zin

Shops:
D:5 [   D:7 =   D:10 ?


Message History

You feel less invigorated.
The death yak gores you but does no damage.
The death yak snorts and paws the ground.
The death yak gores you!
The searing ray hits the death yak!
The death yak is heavily wounded.
The searing ray hits the death yak but does no damage.
The death yak is almost dead.
You finish channeling your searing ray.
The death yak gores you!
* * * LOW HITPOINT WARNING * * *
The death yak closely misses you. The death yak gores you.
* * * LOW HITPOINT WARNING * * *
Okay, then.
As you read the scroll of fear, it crumbles to dust.
You assume a fearsome visage.
The death yak looks frightened!
The death yak easily resists.
The death yak resists with almost no effort. x2
The death yak gores you!
You die...

#......>...##...#..#.....#
.#####.###.###...#..#.....
#....................#...
###.###.###.##....##.#.######/
...#......†YY.†..........
.......#.#.#..###########..
.........#.#..Y.......#
##.####. #.##.Y.#####.# #.
..#...#.@.....# . #.
##.##.####+# .. . #.. ##.. ...
#... ..#+ #.#


You could see 4 death yaks.

Vanquished Creatures
  A death yak (D:11)
  A two-headed ogre (D:10)
  An unseen horror (D:10)
  Joseph (D:10)
  A gargoyle (D:10)
  Sigmund (D:3)
  4 yaks (D:8)
  2 wargs (D:9)
  A soldier ant (D:6)
  A water moccasin (D:11)
  4 orc warriors
  3 ice beasts
  3 ogres
  A hornet zombie (D:9)
  3 sky beasts
  A necrophage (D:9)
  5 centaurs
  2 big kobolds (D:8)
  7 bullfrogs
  A water moccasin zombie (D:10)
  3 scorpions
  9 killer bees
  4 howler monkeys
  3 wights (D:8)
  2 jellies
  4 bullfrog zombies
  4 hounds
  A centaur skeleton (D:5)
  A centaur zombie (D:10)
  3 orc priests
  13 orc wizards
  9 worker ants
  A killer bee zombie (D:8)
  2 worker ant zombies
  A howler monkey zombie (D:5)
  4 gnolls (D:7)
  9 adders
  3 shadow imps
  A white imp (D:6)
  3 ufetubi
  An adder skeleton (D:8)
  2 adder zombies
  A worm (D:3)
  A dart slug (D:3)
  8 leopard geckos
  40 orcs
  5 bats
  5 giant cockroaches
  4 hobgoblins
  14 jackals
  4 quokkas
  A ball python (D:1)
  A ball python zombie (D:5)
  4 frilled lizards
  6 goblins
  14 kobolds
  A leopard gecko skeleton (D:5)
  2 quokka zombies (D:5)
  10 rats
248 creatures vanquished.

Vanquished Creatures (others)
  5 fulminant prisms
  A withered plant (D:5)
6 creatures vanquished.

Grand Total: 254 creatures vanquished

Notes
Turn   | Place    | Note
-------+----------+-------------------------------------------
     0 | D:1      | miscthings the Human Conjurer began the quest for the Orb.
     0 | D:1      | Reached XP level 1. HP: 13/13 MP: 3/3
   298 | D:1      | Reached XP level 2. HP: 19/19 MP: 0/5
   301 | D:1      | Learned a level 2 spell: Searing Ray
   947 | D:2      | Found an opulent altar of Gozag.
  1043 | D:2      | Reached XP level 3. HP: 24/24 MP: 3/6
  1241 | D:2      | Reached skill level 5 in Conjurations
  1470 | D:3      | Reached XP level 4. HP: 30/30 MP: 4/7
  1470 | D:3      | Noticed Sigmund
  1655 | D:3      | Killed Sigmund
  1656 | D:3      | Reached skill level 7 in Conjurations
  1656 | D:3      | Reached XP level 5. HP: 15/35 MP: 3/8
  1656 | D:3      | Reached XP level 6. HP: 17/41 MP: 3/9
  2015 | D:3      | Learned a level 4 spell: Fulminant Prism
  2485 | D:4      | Got a transparent short sword
  2486 | D:4      | Identified the +5 short sword of Death's Door {vamp, rElec
                  | SInv Stlth+} (You found it on level 4 of the Dungeon)
  2522 | D:4      | Reached skill level 1 in Hexes
  2726 | D:4      | Reached XP level 7. HP: 46/46 MP: 7/10
  2816 | D:4      | Found a glowing silver altar of Zin.
  3020 | D:5      | Entered Level 5 of the Dungeon
  3032 | D:5      | Found Rucluj's Armour Shop.
  3250 | D:5      | Reached skill level 8 in Conjurations
  3588 | D:5      | Reached XP level 8. HP: 52/52 MP: 4/11
  3719 | D:5      | Reached skill level 9 in Conjurations
  4276 | D:5      | Learned a level 4 spell: Iskenderun's Mystic Blast
  4305 | D:6      | Reached skill level 1 in Shields
  4575 | D:6      | Reached skill level 1 in Fighting
  4575 | D:6      | Reached skill level 1 in Short Blades
  4575 | D:6      | Reached skill level 1 in Armour
  4575 | D:6      | Reached skill level 1 in Evocations
  4575 | D:6      | Reached XP level 9. HP: 59/59 MP: 8/12
  4654 | D:6      | Found a staircase to the Ecumenical Temple.
  4663 | Temple   | Entered the Ecumenical Temple
  4765 | Temple   | Became a worshipper of Sif Muna the Loreminder
  5374 | D:6      | Found a hide-covered altar of Uskayaw.
  5904 | D:7      | Found Aczaor's Jewellery Shoppe.
  6233 | D:7      | Found an iron altar of Okawaru.
  6710 | D:8      | Reached * piety under Sif Muna
  7052 | D:8      | Reached XP level 10. HP: 64/68 MP: 6/14
  7141 | D:8      | Reached skill level 10 in Conjurations
  7144 | D:8      | Reached skill level 1 in Staves
  7604 | D:9      | Got a fine leather armour
  7621 | D:9      | Identified the cursed +1 leather armour of Lethargy {rPois
                  | Stlth+} (You found it on level 9 of the Dungeon)
  7646 | D:9      | Reached ** piety under Sif Muna
  7797 | D:9      | Found a staircase to the Orcish Mines.
  8093 | D:9      | Reached skill level 5 in Hexes
  8112 | D:9      | You fall into a shaft and drop 1 floor!
  8112 | D:10     | Entered Level 10 of the Dungeon
  8143 | D:10     | Killed an unseen horror
  8321 | D:10     | Noticed Joseph
  8328 | D:10     | Killed Joseph
  8329 | D:10     | Reached XP level 11. HP: 65/76 MP: 9/17
  8873 | D:10     | Noticed a two-headed ogre
  8882 | D:10     | Killed a two-headed ogre
  8938 | D:10     | Found a shadowy altar of Dithmenos.
  8949 | D:10     | Reached *** piety under Sif Muna
  9131 | D:10     | Found Loyhorch's Magic Scroll Shoppe.
  9153 | D:10     | Reached skill level 5 in Dodging
  9160 | D:10     | Bought a scroll of teleportation for 48 gold pieces
  9160 | D:10     | Bought a scroll of blinking for 120 gold pieces
  9160 | D:10     | Bought a scroll of identify for 32 gold pieces
  9160 | D:10     | Bought a scroll of identify for 32 gold pieces
  9689 | D:11     | Noticed a death yak
  9696 | D:11     | Noticed a death yak
  9700 | D:11     | Noticed a death yak
  9700 | D:11     | Noticed a death yak
  9700 | D:11     | Noticed a death yak
  9711 | D:11     | Killed a death yak
  9722 | D:11     | Slain by a death yak

Illustrated notes

Levels and vault maps discovered:
D:1:      lemuel_arrival_muddy, layout_basic
D:2:      layout_basic, nicolae_gozag_cash_rules_everything_around_me
D:3:      layout_loops_ring, uniq_sigmund
D:4:      layout_loops_ring, zin_scriptorium, kennysheep_nub
D:5:      layout_cave_pools, serial_shops, nicolae_shop_waterfront,
          serial_undead, serial_undead_f, serial_undead_a, serial_undead_f,
          serial_undead_a, kennysheep_generic_room_16
D:6:      nicolae_whirlpool, layout_basic, minmay_temple_entry_wispy,
          basic_altar
D:7:      layout_gridville, serial_shops, shop, basic_altar
D:8:      layout_loops_corners
D:9:      layout_gridville, david_orc_3
D:10:     layout_stronghold, serial_shops, nicolae_shop_trees,
          nicolae_dithmenos_shadow_blocks, uniq_joseph
D:11:     minmay_the_grid_triangle_9x9_recursive_2_mashed
          [minmay_the_grid_triangle_9x9_prize_insulated,
          minmay_the_grid_triangle_9x9_intruding_spiral,
          minmay_the_grid_triangle_9x9_empty,
          minmay_the_grid_triangle_9x9_semitri], layout_basic,
          dpeg_lair_monsters, serial_shops, shop, patterned_corridor
Temple:   kilobyte_greek_temple

Skill      XL: |  1  2  3  4  5  6  7  8  9 10 11 |
---------------+----------------------------------+-----
Conjurations   | 5 7 8 9 10 | 10.6
Hexes          | 1 3 4 5 |  5.8
Shields        | 1 3 4 |  4.0
Fighting       | 1 2 3 4 |  4.6
Short Blades   | 1 2 |  2.5
Armour         | 1 2 3 4 |  4.7
Evocations     | 1 2 4 |  4.7
Dodging        | 3 4 5 |  5.1
Spellcasting   | 3 4 |  4.9
Staves         | 2 3 |  3.8
Stealth        | |  2.0

Action                   |  1- 3 |  4- 6 |  7- 9 | 10-12 || total
-------------------------+-------+-------+-------+-------++-------
Melee: Dagger            |    36 |    29 |       |       ||    65
       Short sword       |       |    15 |    78 |       ||    93
       Staff             |       |       |    13 |    40 ||    53
 Cast: Magic Dart        |    12 |     8 |     7 |     4 ||    31
       Searing Ray       |    14 |    17 |    51 |    68 ||   150
       Fulminant Prism   |       |       |     5 |       ||     5
Invok: Channel Magic     |       |       |       |     1 ||     1
Evoke: Wand              |       |       |     3 |       ||     3
  Use: Scroll            |       |       |    19 |     6 ||    25
 Stab: Sleeping          |     2 |     2 |     2 |       ||     6
       Distracted        |       |       |       |     1 ||     1
Armor: Robe              |     9 |     4 |    17 |     3 ||    33
       Leather armour    |       |       |       |    19 ||    19
Dodge: Dodged            |    26 |    36 |   140 |   106 ||   308
Block: Buckler           |       |       |    15 |    33 ||    48

Table legend: (Time is in decaauts)
 A = Elapsed time spent in this place.
 B = Non-inter-level travel time spent in this place.
 C = Inter-level travel time spent in this place.
 D = Time resting spent in this place.
 E = Time spent auto-exploring this place.
 F = Levels seen in this place.
 G = Mean time per level.
                   A        B        C        D        E       F      G
               +--------+--------+--------+--------+--------+-----+--------+
         Total |   9747 |   9362 |    385 |   2198 |   5320 |  12 |  812.2 |
       Dungeon |   9614 |   9259 |    355 |   2198 |   5222 |  11 |  874.0 |
        Temple |    132 |    102 |     30 |      0 |     98 |   1 |  132.0 |
               +--------+--------+--------+--------+--------+-----+--------+

Top non-repeatable levels by time:
     D:4: 1154 daAuts
    D:10: 1153 daAuts
     D:5: 1116 daAuts
     D:6: 1063 daAuts
     D:8: 971 daAuts
     D:9: 898 daAuts
     D:7: 876 daAuts
     D:1: 862 daAuts
     D:2: 765 daAuts
     D:3: 661 daAuts
  Temple: 132 daAuts
    D:11: 90 daAuts
